Unix xNetHack Version 7.1.0 - last build Jul 4 2022 02:09:00 (ec8469f2eb63cac24863ec985b09651f3a72bf9f). Game began 2022-07-04 05:21:48, ended 2022-07-04 06:56:26. Raisse, neutral female gnomish Wizard --------- --- --------------- .......##*#.-.......------ ---..<| |.............| ------- .......#[*#...--.........|---.....| -+----.--|---|-- |(...>| ..._...*## |..|---------.|%...|..-- |.-|.. |..| |....-- .....[. |..| ----..[%.-|.- ---..-|--|..|---..|..--- .--|... --..| |.........|-- -+--........--+-.....-.-- o |a| --...----..|....|.---- |................--......- G.| ----.....|....|..-- - --..--|--------..|........| o o..---.............|..| ------ --..|=.[.(.%[(|--|....{...| o --..............---.)..|.-- |%%%!| |...|~/..)"?).| ........-- ..............|...| ... |.| |....| ---------------##.......--- o .............-- --- --|--- |.......| ------.....|...|..--........ ..---.- -------.| |(*(.|....---.............. ------.........-|. .-...|.| |(((.-...-| ...--..........--..-----+---+-...............-. |...|.| |(((.|....|...--.......G...|...............----....{.....-- -------.--.| ------.........|......@......---------.--+-- .......... |....|.....---.....|........|-...........-- |((?.|.| ....... |.-.....{...|.......-.......- #*#......-- |!.+.-.| ---.. |(|..|........--........ .-##*# ----- |.(..|-- --- ---------- ------- ------ Raisse the Thaumaturge St:12 Dx:14 Co:11 In:19 Wi:13 Ch:10 Neutral Dlvl:6 $:1426 HP:0(46) Pw:59(65) AC:4 Xp:6/516 T:5603 Burdened Latest messages: You hear some noises in the distance. You hear some noises in the distance. The giant ant bites! Poes misses the giant ant. Poes bites the giant ant. The giant ant misses Poes. You stab the giant ant. The giant ant bites! Poes bites the giant ant. The giant ant is killed! You hear a door unlock. You swap places with Poes. You see here a giant ant corpse. You hear a door open. You have a little trouble lifting v - a giant ant corpse {10}. You see here 7 rocks. You see here a leather dwarvish cloak. You experience a sense of peace. You hear the chime of a cash register. You stop. The priest of Thoth doesn't want to swap places. What do you want to sacrifice? [v or ?*] v Your sacrifice is consumed in a cloud of smoke! You have a hopeful feeling. A hill orc suddenly appears! A hill orc suddenly appears! A hill orc suddenly appears! A hill orc suddenly appears! A hill orc suddenly appears! Sting glimmers light blue! You see here a leather dwarvish cloak. You miss the soldier ant. The soldier ant bites! The soldier ant stings! The soldier ant bites! The soldier ant stings! In what direction? b The spell hits the soldier ant! You kill the soldier ant! You have a little trouble lifting w - a food ration {20}. You have a little trouble lifting N - a soldier ant corpse {20}. The soldier ant bites! The soldier ant stings! The soldier ant bites! The soldier ant stings! You die... Do you want your possessions identified? [ynq] (y) y Do you want to see your attributes? [ynq] (y) y Do you want an account of creatures vanquished? [ynaq] (y) y Do you want to see your conduct and achievements? [ynq] (y) y Do you want to see the dungeon overview? [ynq] (y) y Major events: Turn 1: Raisse the neutral female gnomish Wizard entered the dungeon 267: found Cleaver on the floor 658: attained the rank of Conjurer (level 3) 3041: entered the Gnomish Mines 3069: chose a runed dagger to be named "Sting" 3834: attained the rank of Thaumaturge (level 6) 4046: reached Mine Town 5603: killed by a soldier ant Inventory: Inventory: 713/625 weight (49/52 slots) Coins $ - 1426 gold pieces {14} Weapons a - the uncursed +0 Sting (weapon in hand, glimmering light blue) {3} b - an uncursed +0 stone orcish dagger (alternate weapon; not wielded) {8} k - a blessed +1 elven dagger {10} Q - an uncursed +0 dagger {10} Armor A - an uncursed +0 leather light armor (being worn) {113} B - an uncursed +0 pair of elven boots (being worn) {12} C - an uncursed +0 cloak of magic resistance (being worn) {8} G - an uncursed +0 pair of leather gloves (being worn) {8} H - a blessed rustproof +0 orcish helm (being worn) {23} Comestibles w - an uncursed food ration {20} N - an uncursed soldier ant corpse {20} S - an uncursed fortune cookie {1} T - 3 uncursed tripe rations {30} Scrolls e - a cursed scroll of remove curse {5} f - a blessed scroll of fire {5} l - 3 uncursed scrolls of teleportation {15} m - a cursed scroll of gold detection {5} p - an uncursed scroll of gold detection {5} t - an uncursed scroll of enchant armor {5} u - an uncursed scroll of water {5} x - an uncursed scroll of light {5} K - an uncursed scroll of earth {5} R - an uncursed scroll of create monster {5} V - 2 cursed scrolls of light {10} X - an uncursed scroll of confuse monster {5} Y - an uncursed scroll of magic mapping {5} Potions s - a cursed potion of speed {20} E - an uncursed potion of invisibility {20} F - an uncursed potion of see invisible {20} I - a potion of unholy water {20} M - an uncursed potion of monster detection {20} O - a blessed potion of booze {20} Z - 2 cursed potions of paralysis {40} Rings o - an uncursed ring of stealth {3} y - an uncursed +1 ring of increase damage {3} D - a cursed ring of aggravate monster {3} Wands c - a cursed wand of probing (0:6) {7} j - an uncursed wand of cold (0:5) {7} z - a cursed wand of opening (0:4) {7} J - an uncursed wand of speed monster (0:5) {7} U - an uncursed wand of slow monster (0:3) {7} W - an uncursed wand of fire (0:4) {7} Tools d - an uncursed +0 pick-axe {100} g - an uncursed magic marker (0:85) {2} h - an uncursed towel {5} n - a cursed stethoscope {4} q - an uncursed tallow candle {2} r - an uncursed mithril oil lamp {11} L - an uncursed tooled horn {18} Raisse the Wizard's attributes: Background: You were a Thaumaturge, a level 6 female gnomish Wizard. You were neutral, on a mission for Thoth who was opposed by Ptah (lawful) and Anhur (chaotic). You were bisexual. You were in the Gnomish Mines, on level 6. You entered the dungeon 5603 turns ago. You had 516 experience points, 124 more were needed to attain level 7. Basics: You had 0 out of 46 hit points. You had 59 out of 65 energy points (spell power). Your armor class was 4. Your wallet contained 1426 zorkmids. Autopickup was on for '$!?/"=+' plus thrown, with exceptions. Final Characteristics: Your strength was 12 (limit:18/50). Your dexterity was 14 (limit:18). Your constitution was 11 (limit:18). Your intelligence was 19 (limit:19). Your wisdom was 13 (limit:18). Your charisma was 10 (limit:18). Final Status: You were not hungry. You were burdened; movement was slightly slowed. You were wielding a dagger. You were unskilled in dagger. Final Attributes: You were piously aligned. You were magic-protected. You were telepathic. You were aware of the presence of orcs. You had infravision. You were stealthy. You were warded. You are dead. Miscellaneous: You encountered 1 bones level. Total elapsed playing time was 1 hour, 5 minutes and 18 seconds. Vanquished creatures: a water demon 2 small mimics 2 watchmen 2 leprechauns a dwarf leader a Woodland-elf a snake 5 human zombies a soldier ant 2 ponies a fog cloud 2 yellow lights 2 gray oozes 3 giant ants 3 floating eyes 2 dwarves 5 hill orcs 2 rothes 4 orc zombies a werejackal an iguana 2 killer bees an acid blob 4 hobbits 2 manes a hobgoblin 4 giant rats 3 yellow molds a green mold 7 gnomes 2 garter snakes 2 gnome zombies 5 geckos 10 jackals 2 foxes a kobold 3 goblins 3 grid bugs 6 lichens 2 kobold zombies 4 newts 109 creatures vanquished. No species were genocided or became extinct. Voluntary challenges: You read items or engraved 16 times. You never genocided any monsters. You never polymorphed an object. You never changed form. You used no wishes. You were celibate. You never generated conflict. Achievements: You attained the rank of Conjurer. You entered a shop. You entered the Gnomish Mines. You attained the rank of Thaumaturge. You entered Minetown. You entered a temple. The Dungeons of Doom: levels 1 to 4 Level 1: Some sinks. Level 2: A general store, a fountain, a sink. Level 3: "spb" A fountain. Stairs down to The Gnomish Mines. Level 4: Final resting place for Raisse-Wiz-Gno-Fem-Neu, killed by an iguana. The Gnomish Mines: levels 4 to 7 Level 4: Level 5: Level 6: <- You were here. Many shops, a temple to Thoth, many fountains. Final resting place for you, killed by a soldier ant. Level 7: Game over: __________ / \ / REST \ / IN \ / PEACE \ / \ | Raisse | | 1426 Au | | killed by a | | soldier ant | | | | | | 2022 | *| * * * | * _________)/\\_//(\/(/\)/\//\/|_)_______ Goodbye Raisse the Wizard... You died in The Gnomish Mines on dungeon level 6 with 4138 points, and 1426 pieces of gold, after 5603 moves. You were level 6 with a maximum of 46 hit points when you died.